 Dungeon Crawl Stone Soup version 0.17-a0-1970-g7a13dd1 (webtiles) character file.

165 Shim the Poker (level 5, -6/45 HPs)
             Began as a Hill Orc Gladiator on Oct 4, 2015.
             Mangled by an orc
             ... wielding a +0 war axe
              (7 damage)
             ... on level 4 of the Dungeon.
             The game lasted 00:24:50 (4510 turns).

Shim the Poker (Hill Orc Gladiator)                 Turns: 4510, Time: 00:24:50

Health: -6/45      AC:  4    Str: 18    XL:     5   Next: 46%
Magic:  5/5        EV: 12    Int:  8    God:
Gold:   193        SH:  0    Dex: 12    Spells: 0 memorised, 4 levels left

rFire  . . .     SeeInvis .     a - +1 trident
rCold  . . .     Clarity  .     b - +0 leather armour
rNeg   . . .     SustAt   +     (no shield)
rPois  .         Gourm    .     c - +0 helmet
rElec  .         Spirit   .     (no cloak)
rCorr  .         Warding  .     (no gloves)
rMut   .         Stasis   .     (no boots)
MR     .....                    (no amulet)
Stlth  +.........               r - ring of flight
                                l - ring of sustain attributes

@: not resistant to hostile enchantments, very unstealthy
A: no striking features
a: Evoke Flight


You were on level 4 of the Dungeon.
You were hungry.

You visited 1 branch of the dungeon, and saw 4 of its levels.

You collected 193 gold pieces.

Inventory:

Hand weapons
 a - a +1 trident (weapon)
 m - a +3 short sword
Armour
 b - a +0 leather armour (worn)
 c - a +0 helmet (worn)
Jewellery
 l - a ring of sustain attributes (left hand)
 r - a ring of flight (right hand)
Scrolls
 f - 2 scrolls of remove curse
 h - a scroll of fog {unknown}
 o - a scroll of teleportation {unknown}
 u - a scroll of enchant weapon
Potions
 i - a potion of ambrosia {unknown}
 j - a potion of degeneration {unknown}
 p - 2 potions of heal wounds {unknown}
Comestibles
 e - 2 bread rations
 t - 2 beef jerkies


   Skills:
 + Level 3.1 Fighting
 + Level 4.2 Polearms
 + Level 2.3 Throwing
 + Level 2.5 Armour
 + Level 3.3 Dodging
 + Level 0.3 Stealth


You had 4 spell levels left.
You didn't know any spells.

Dungeon Overview and Level Annotations

Branches:
Dungeon (4/15)             Temple (0/1) D:4

Altars:
Dithmenos
Xom
Yredelemnul


Message History

* * * LOW HITPOINT WARNING * * *
The giant frog zombie hits you.
* * * LOW HITPOINT WARNING * * *
The orc moves out of view.
The orc hits you but does no damage. The orc wizard casts a spell at you.
You resist with some effort.
Unknown command.
Unknown command.
You completely miss the orc wizard.
The orc wizard is lightly wounded.
The giant frog zombie closely misses you.
The orc closely misses you. The orc wizard closely misses you.
An orc and an orc wizard come into view.
Read which item? (? for menu, Esc to quit)
As you read the scroll labeled ZIGIZEO ISUMAQE, it crumbles to dust.
It is a scroll of recharging.
You aren't carrying any rechargeable items.
The giant frog zombie closely misses you.
The orc hits you with a war axe!
You die...

#.# .o.# ...
###.. o.o. ##
#.. . #o# .#
. #
##@##..#.#
...
##.##oZo#...#
...
#..(ZrZoo..#
...
#.h##ZlZ##..#
... ....
##(##
#.#.#.......
### #.#
.#..P.....
#.# ....P....
#.# #
#........ #%#
.# #...P.#..


You could see a hound, 3 orc wizards, 5 orcs, a giant frog zombie, a giant
cockroach zombie, a quokka, a giant newt, an adder skeleton and 2 giant frog
skeletons.

Vanquished Creatures
  A hound (D:4)
  5 adders
  A shadow imp (D:3)
  An adder zombie (D:4)
  2 worms (D:3)
  4 giant geckos
  2 orcs (D:3)
  A ball python (D:1)
  7 bats
  5 giant cockroaches
  10 goblins
  4 hobgoblins
  A quokka (D:3)
  5 giant newts
  5 jackals (D:3)
  5 kobolds
  9 rats
68 creatures vanquished.

Notes
Turn   | Place    | Note
--------------------------------------------------------------
     0 | D:1      | Shim the Hill Orc Gladiator began the quest for the Orb.
     0 | D:1      | Reached XP level 1. HP: 18/18 MP: 1/1
   209 | D:1      | Reached XP level 2. HP: 20/25 MP: 2/2
  1096 | D:2      | Reached XP level 3. HP: 26/30 MP: 3/3
  1100 | D:2      | Reached skill level 1 in Armour
  2538 | D:3      | Found a shimmering altar of Xom.
  2540 | D:3      | Reached XP level 4. HP: 37/37 MP: 4/4
  2795 | D:3      | Reached skill level 4 in Polearms
  3532 | D:3      | Found a shadowy altar of Dithmenos.
  3956 | D:3      | Found a basalt altar of Yredelemnul.
  4145 | D:3      | Reached XP level 5. HP: 42/44 MP: 5/5
  4459 | D:4      | Found a staircase to the Ecumenical Temple.
  4508 | D:4      | HP: 1/45 [giant frog zombie (3)]
  4510 | D:4      | Mangled by an orc

Vault maps used:
D:1:      tarquinn_simple_flora_water_f
D:2:      first_bread
D:3:      lemuel_coloured_pillars_altar, overflow_temple_1_default,
          grunt_dithmenos_smoke
D:4:      minmay_temple_entry_grid, serial_undead, serial_undead_b,
          serial_undead_a, serial_undead_b, serial_undead_d

Action                   |  1- 3 |  4- 6 || total
-------------------------+-------+-------++-------
Melee: Trident           |   125 |   139 ||   264
       Short sword       |       |    18 ||    18
Throw: Throwing net      |     3 |    11 ||    14
  Use: Scroll            |     1 |     4 ||     5
       Potion            |       |     2 ||     2
 Stab: Held in net/web   |       |     2 ||     2
  Eat: Chunk             |     4 |     2 ||     6
       Meat ration       |       |     1 ||     1
